 Dungeon Crawl Stone Soup version 0.23.2-40-g277498a001 (webtiles) character file.

Game seed: 6928732554761024827

746 MalarOregon the Magician (level 7, -1/59 HPs)
             Began as a Purple Draconian Wizard on Sept 10, 2019.
             Was an Initiate of Gozag.
             Slain by an orc warrior
             ... wielding a +0 war axe
              (9 damage)
             ... on level 8 of the Dungeon.
             The game lasted 00:06:21 (4834 turns).

MalarOregon the Magician (Purple Draconian Wizard)  Turns: 4834, Time: 00:06:22

Health: -1/59      AC: 10    Str: 10    XL:     7   Next: 48%
Magic:  3/15       EV: 13    Int: 20    God:    Gozag
Gold:   625        SH:  0    Dex:  9    Spells: 9/17 levels left

rFire    . . .     SeeInvis .   m - +2 hand axe (elec)
rCold    . . .     Gourm    .   (no shield)
rNeg     . . .     Faith    .   (armour unavailable)
rPois    .         Spirit   .   a - +1 hat
rElec    .         Reflect  .   p - +2 cloak
rCorr    .         Harm     .   (no gloves)
MR       ++...                  (no boots)
Stlth    ++........             (no amulet)
HPRegen  0.19/turn              l - ring of protection from magic
MPRegen  0.14/turn              (no ring)

@: gold aura, very slightly contaminated
A: breathe power, unfitting armour, cold-blooded, AC +6
a: Breathe Dispelling Energy, Potion Petition, Call Merchant, Bribe Branch,
Renounce Religion


You were on level 8 of the Dungeon.
You worshipped Gozag.
Gozag was pleased with you.
You were very hungry.

You visited 1 branch of the dungeon, and saw 7 of its levels.
You also visited: Ossuary.

You collected 663 gold pieces.
You paid 38 gold pieces to Gozag.

Inventory:

Hand Weapons
 m - a +2 hand axe of electrocution (weapon)
   (You found it on level 3 of the Dungeon)
Armour
 a - a +1 hat (worn)
 p - a +2 cloak (worn)
   (You found it on level 3 of the Dungeon)
Jewellery
 l - a ring of protection from magic (left hand)
   (You found it on level 3 of the Dungeon)
 v - an uncursed ring of positive energy {unknown}
   (You found it on level 4 of the Dungeon)
Wands
 c - a wand of disintegration (17)
   (You found it in an ossuary)
Scrolls
 g - 3 scrolls of identify {@r1}
 i - 4 scrolls of remove curse {@r2}
 r - 2 scrolls of random uselessness {unknown}
 s - 2 scrolls of teleportation {unknown}
 t - 2 scrolls of magic mapping {unknown}
 u - a scroll of amnesia {unknown}
Potions
 b - a potion of haste {unknown}
 d - a potion of magic {unknown}
 f - a potion of curing {unknown}
 h - 2 potions of degeneration {!q}
 j - 2 potions of invisibility {unknown}
 k - a potion of brilliance {unknown}
 n - a potion of ambrosia {unknown}
 o - 2 potions of might {unknown}
 q - a potion of lignification {unknown}
 w - a potion of heal wounds {unknown}
 x - a potion of flight {unknown}
Comestibles
 e - 3 rations {!d}


   Skills:
 + Level 4.2 Fighting
 + Level 4.1 Dodging
 - Level 1.7 Stealth
 + Level 5.8 Spellcasting
 + Level 4.1 Conjurations
 - Level 1.0 Summonings
 - Level 1.0 Translocations


You had 9 spell levels left.
You knew the following spells:

 Your Spells              Type           Power        Failure   Level  Hunger
a - Magic Dart            Conj           ###.         1%          1    None
b - Blink                 Tloc           N/A          11%         2    None
f - Mephitic Cloud        Conj/Pois/Air  ##......     19%         3    ##.....
x - Call Imp              Summ           #.......     11%         2    None

Your spell library contained the following spells:

 Spells                   Type           Power        Failure   Level  Hunger
 Infusion                 Chrm           #...         11%         1    None
 Shroud of Golubria       Chrm/Tloc      #.........   13%         2    None
 Conjure Flame            Conj/Fire      ##......     14%         3    ##.....
 Slow                     Hex            #.......     16%         2    None
 Song of Slaying          Chrm           #.......     16%         2    None
 Regeneration             Chrm/Necr      #.........   32%         3    ##.....
 Spectral Weapon          Hex/Chrm       #.......     32%         3    ##.....


Dungeon Overview and Level Annotations

Branches:
Dungeon (6/15)             Temple (0/1) D:5

Altars:
Cheibriados
Fedhas
Gozag
Nemelex Xobeh
Qazlal
Sif Muna

Shops:
D:5 (


Innate Abilities, Weirdness & Mutations

You can breathe bolts of dispelling energy.
Your rich purple scales are hard. (AC +6)
You cannot fit into any form of body armour.
You are cold-blooded and may be slowed by cold attacks.


Message History

The orc hits you with a +0 mace.
Your crimson imp hits the orc warrior but does no damage.
The orc hits you but does no damage.
The orc wizard hits your crimson imp but does no damage.
Your crimson imp barely misses the orc wizard.
The orc wizard hits your crimson imp with a +0 dagger.
The orc hits your iron imp but does no damage.
Your crimson imp blinks!
Your crimson imp barely misses the orc wizard.
A beastly little devil appears in a puff of flame.
The orc wizard hits your crimson imp but does no damage.
Your iron imp hits the orc.
Your crimson imp blinks!
You closely miss the orc warrior. You barely miss the orc.
Your iron imp disappears in a puff of smoke!
The orc warrior hits you with a +0 war axe!
* * * LOW HITPOINT WARNING * * *
The orc warrior hits your crimson imp with a +0 war axe!
Your crimson imp dies!
The orc closely misses you.
Your crimson imp blinks!
You hit the orc warrior but do no damage.
The orc warrior closely misses you. The orc hits you but does no damage.
You closely miss the orc warrior. You hit the orc but do no damage.
The orc warrior hits you with a +0 war axe!
* * * LOW HITPOINT WARNING * * *
The orc barely misses you.
Your crimson imp blinks!
You hit the orc warrior.
Lightning courses through the orc warrior!
You hit the orc.
The orc wizard casts a spell.
The orc wizard blinks!
The orc warrior closely misses you.
The orc warrior hits your crimson imp with a +0 war axe.
The orc hits you but does no damage.
Your crimson imp hits the orc warrior but does no damage.
Unknown command.
You barely miss the orc warrior.
You tail-slap the orc warrior, but do no damage.
You hit the orc. Lightning courses through the orc!
You kill the orc!
The orc warrior hits you with a +0 war axe!
* * * LOW HITPOINT WARNING * * *
The orc warrior hits your crimson imp with a +0 war axe!
Your crimson imp dies!
The orc wizard gestures wildly while chanting.
The orc wizard seems to speed up.
The orc barely misses you.
The orc warrior hits you with a +0 war axe!
You die...
Your body crumbles into a pile of gold.

..... #......#
...... #......####
...... #..........
......###.........>
...........o..#...
........####o.#
........####o##
##.......##o.#
##.###.....@# #
###......#
##...#....
#....####... #....#
#. .....# ......#
........


You could see an orc warrior, an orc wizard and 2 orcs.

Vanquished Creatures
  Menkaure (D:4)
  A jelly (D:5)
  2 crimson imps
  2 bullfrog zombies (D:5)
  2 hounds (D:5)
  An orc priest (D:4)
  A bullfrog skeleton (D:6)
  A hound zombie (Ossuary)
  2 hound skeletons
  5 mummies
  8 adders
  6 oozes
  2 adder skeletons
  3 adder zombies (Ossuary)
  4 worms
  A dart slug (D:1)
  8 orcs
  2 ball pythons
  6 bats
  5 giant cockroaches
  A gnoll zombie (Ossuary)
  5 hobgoblins
  8 jackals
  8 kobolds
  A quokka (D:3)
  6 frilled lizards
  7 goblins
  A hobgoblin zombie (Ossuary)
  2 kobold zombies (Ossuary)
  An orc zombie (Ossuary)
  8 rats
111 creatures vanquished.

Vanquished Creatures (collateral kills)
  A human zombie (Ossuary)
  A jelly (D:5)
  A gnoll zombie (Ossuary)
  A hobgoblin zombie (Ossuary)
4 creatures vanquished.

Grand Total: 115 creatures vanquished

Notes
Turn   | Place    | Note
-------+----------+-------------------------------------------
     0 | D:1      | MalarOregon the Draconian Wizard began the quest for the
                  | Orb.
     0 | D:1      | Reached XP level 1. HP: 14/14 MP: 4/4
   162 | D:1      | Reached XP level 2. HP: 22/22 MP: 6/6
   488 | D:1      | Reached skill level 1 in Fighting
   854 | D:2      | Reached XP level 3. HP: 19/28 MP: 1/7
  1347 | D:2      | Reached XP level 4. HP: 20/36 MP: 6/9
  1481 | D:2      | Found a deep blue altar of Sif Muna.
  2036 | D:3      | Found a blossoming altar of Fedhas.
  2038 | D:3      | Found a stormy altar of Qazlal.
  2102 | D:3      | Found an opulent altar of Gozag.
  2115 | D:3      | Found a snail-covered altar of Cheibriados.
  2117 | D:3      | Became a worshipper of Gozag Ym Sagoz the Greedy
  2196 | D:3      | Reached XP level 5. HP: 38/41 MP: 10/10
  2360 | D:3      | Found a sparkling altar of Nemelex Xobeh.
  2733 | D:4      | Found a sand-covered staircase.
  2740 | Ossuary  | Entered an ossuary
  2744 | Ossuary  | Learned a level 2 spell: Call Imp
  2754 | Ossuary  | Reached skill level 4 in Spellcasting
  3033 | Ossuary  | Reached XP level 6. HP: 37/51 MP: 12/12
  3489 | D:4      | Noticed Menkaure
  3502 | D:4      | Killed Menkaure
  3875 | D:5      | Entered Level 5 of the Dungeon
  3916 | D:5      | Found a staircase to the Ecumenical Temple.
  3931 | D:5      | Found Xuadu Osa's Weapon Shop.
  3974 | D:5      | Your scales start taking on a rich purple colour.
  3974 | D:5      | Reached skill level 5 in Spellcasting
  3974 | D:5      | Reached XP level 7. HP: 52/58 MP: 15/15
  4106 | D:5      | Learned a level 2 spell: Blink
  4110 | D:5      | Learned a level 3 spell: Mephitic Cloud
  4809 | D:6      | You fall through a shaft for 2 floors!
  4834 | D:8      | Slain by an orc warrior

Skill      XL: |  1  2  3  4  5  6  7 |
---------------+----------------------+-----
Dodging        | 2 3 4 |  4.1
Fighting       | 1 2 3 4 |  4.2
Conjurations   | 2 3 4 |  4.1
Spellcasting   | 4 5 |  5.8
Stealth        | |  1.7
Summonings     | |  1.0
Translocations | |  1.0

Action                   |  1- 3 |  4- 6 |  7- 9 || total
-------------------------+-------+-------+-------++-------
Melee: Unarmed           |     8 |       |       ||     8
       Short sword       |   145 |    17 |       ||   162
       Tailslap          |    14 |    12 |     8 ||    34
       Hand axe          |       |    84 |    70 ||   154
 Cast: Magic Dart        |    43 |    74 |       ||   117
       Call Imp          |       |     7 |     5 ||    12
  Use: Scroll            |       |     7 |       ||     7
 Stab: Sleeping          |     2 |       |       ||     2
  Eat: Chunk             |     1 |     4 |       ||     5
       Ration            |       |     1 |     1 ||     2
Armor: Skin              |    48 |    50 |    37 ||   135
Dodge: Dodged            |   119 |    77 |    63 ||   259
